 Dungeon Crawl Stone Soup version 0.28-a0-1506-g3893175d92 (webtiles) character file.

Game seed: 12556994636137214468

518 siradein the Insei (level 7, -4/50 HPs)
             Began as a Djinni Transmuter on Jan 14, 2022.
             Slain by a black bear (10 damage)
             ... on level 5 of the Dungeon.
             The game lasted 00:10:07 (5467 turns).

siradein the Insei (Djinni Transmuter)              Turns: 5467, Time: 00:10:08

Health: -4/50      AC:  2    Str:  9    XL:     7   Next: 45%
Gold:   109        EV: 22    Int: 22    God:
                   SH:  0    Dex: 19

rFire   . . .      SeeInvis +     - Unarmed
rCold   . . .      Faith    .   (shield currently unavailable)
rNeg    . . .      Spirit   .   (armour currently unavailable)
rPois   ∞          Reflect  .   (helmet currently unavailable)
rElec   .          Harm     .   (cloak currently unavailable)
rCorr   .          Rampage  .   (gloves currently unavailable)
Will    .....                   (boots unavailable)
Stlth   ++........              (no amulet)
HPRegen 0.16/turn               e - ring of see invisible
MPRegen 0.00/turn               f - +6 ring of intelligence

@: spider-form (expiring), flying
A: venomous fangs, flying, sickness immunity, tiny, (fire resistance 2), (cold
vulnerability 1), float, innate caster, hp casting, extra vitality 1
a: End Transformation


You were on level 5 of the Dungeon.
You were a venomous arachnid creature.
You visited 1 branch of the dungeon, and saw 5 of its levels.

You collected 109 gold pieces.

Inventory:

Armour
 a - a +0 robe (melded)
Jewellery
 b - a ring of willpower
 e - a ring of see invisible (left front leg)
 f - a +6 ring of intelligence (right front leg)
 h - an amulet of faith
Scrolls
 c - 2 scrolls of holy word
 g - a scroll of teleportation
 k - 2 scrolls of amnesia {unknown}
 l - a scroll of fear {unknown}
 m - a scroll of blinking {unknown}
Potions
 i - a potion of brilliance {unknown}
 j - a potion of curing {unknown}
 n - a potion of haste {unknown}


   Skills:
 + Level 3.2 Fighting
 + Level 4.2 Dodging
 + Level 4.4 Unarmed Combat
 * Level 3.8 Spellcasting


You couldn't memorise any spells.
You knew the following spells:

 Your Spells              Type           Power      Damage    Failure   Level
a - Beastly Appendage     Tmut           42%        N/A       9%          1
b - Wereblood             Tmut           21%        N/A       12%         2
c - Spider Form           Tmut/Pois      21%        N/A       19%         3
d - Ice Form              Ice/Tmut       21%        N/A       45%         4
e - Apportation           Tloc           42%        N/A       9%          1
f - Passwall              Tmut/Erth      17%        N/A       12%         2
g - Mephitic Cloud        Conj/Pois/Air  21%        N/A       19%         3
Your spell library was empty.

Dungeon Overview and Level Annotations

Branches:
Dungeon (5/15)
 Temple: D:4-7

Altars:
Okawaru
Xom


Innate Abilities, Weirdness & Mutations

You are a venomous arachnid creature.
You have poisonous fangs.
You are tiny and dextrous.
You are flying.
Your spellcasting is less reliable in this form.
Your armour is entirely melded.
You are incapable of wielding weapons or throwing items.
You are immune to sickness and miasma.
You are immune to poison.
((Your flesh is very heat resistant. (rF++)))
((You are vulnerable to cold. (rC-)))
You float through the air rather than walking.
You learn spells naturally, not from books.
Your magical power is your life essence.
You have superior vitality. (+4 MHP)


Message History

The hound is severely wounded.
The hound bites you.
You bite the hound!
You feel a bit better.
You kill the hound!
The black bear goes berserk!
You hit the scorpion but do no damage.
The scorpion is poisoned.
The black bear looks more healthy.
The scorpion misses you.
You hear an angry buzzing noise. x3
You hit the scorpion.
The scorpion looks as sick as possible!
The scorpion is moderately wounded.
Your primal bloodlust has ended.
The scorpion completely misses you.
You hear an angry buzzing noise.
You kill the scorpion!
You hear an angry buzzing noise.
You hit the black bear.
The black bear is poisoned.
The black bear is almost dead.
The black bear closely misses you. x2; The black bear barely misses you.
The black bear completely misses you. The black bear misses you.
The black bear completely misses you.
You hit the black bear.
The black bear looks even sicker.
The black bear is almost dead.
A killer bee comes into view.
The black bear completely misses you. The black bear closely misses you. x2
You hear an angry buzzing noise.
The black bear closely misses you. The black bear misses you. x2
You hear an angry buzzing noise.
You see here a ring of magical power.
The black bear bites you! The black bear claws you. The black bear claws you!
Your transformation is almost over.
The black bear bites you.
* * * LOW HITPOINT WARNING * * *
The black bear claws you.
* * * LOW HITPOINT WARNING * * *
The black bear completely misses you.
You hit the black bear.
The black bear looks as sick as possible!
The black bear is almost dead.
The black bear bites you!
You die...

####.......##......##
.........<...........
##........#..h...##
#........#####..##
###....=.....†......
#......#############
.....###.......##
...........h....#
......##..s.....#
.....#.......#+#
.[...#.........#
#...........#
#...........#
#...........#
#...######### #...#
#...#


You could see a black bear (berserk, extremely poisoned).

Vanquished Creatures
  A necrophage (D:4)
  An ogre (D:4)
  A scorpion (D:5)
  A centaur zombie (D:5)
  A hound (D:5)
  An orc priest (D:4)
  2 jellies
  A hound skeleton (D:4)
  2 adders (D:3)
  4 gnolls (D:4)
  2 dart slugs
  9 orcs
  10 endoplasms
  2 giant cockroaches
  2 goblins
  6 hobgoblins
  6 kobolds
  A quokka (D:1)
  5 ball pythons
  8 bats
  4 frilled lizards
  2 rats (D:1)
72 creatures vanquished.

Notes
Turn   | Place    | Note
-------+----------+-------------------------------------------
     0 | D:1      | siradein the Djinni Transmuter began the quest for the Orb.
     0 | D:1      | Reached XP level 1. HP: 17/17 MP: 0/0
   208 | D:1      | Reached XP level 2. HP: 19/22 MP: 0/0
   584 | D:1      | Reached XP level 3. HP: 14/27 MP: 0/0
   584 | D:1      | Learned a level 1 spell: Apportation
  1663 | D:2      | Noticed a phantom
  2157 | D:3      | Reached XP level 4. HP: 32/33 MP: 0/0
  2242 | D:3      | Found a shimmering altar of Xom.
  2648 | D:3      | Found a faded altar of an unknown god.
  3618 | D:4      | Reached XP level 5. HP: 21/38 MP: 0/0
  3618 | D:4      | Learned a level 2 spell: Passwall
  4368 | D:4      | Found an iron altar of Okawaru.
  4721 | D:4      | Reached XP level 6. HP: 21/45 MP: 0/0
  4901 | D:4      | Noticed a necrophage
  4914 | D:4      | Killed a necrophage
  5161 | D:4      | Noticed an ogre
  5169 | D:4      | Killed an ogre
  5170 | D:4      | Reached XP level 7. HP: 48/50 MP: 0/0
  5170 | D:4      | Learned a level 3 spell: Mephitic Cloud
  5297 | D:5      | Entered Level 5 of the Dungeon
  5467 | D:5      | Slain by a black bear

Illustrated notes

Levels and vault maps discovered:
D:1:      amcnicky_arrival_gap_in_the_tavern_cellar, layout_loops_cross
D:2:      layout_basic, lightli_corner_chamber
D:3:      layout_basic, mainiacjoe_overflow_small_starburst,
          ebering_ecumenical_altar_rust, wad_orctagon
D:4:      layout_loops_ring, mainiacjoe_overflow_concentric_impassable
D:5:      layout_basic, mainiacjoe_overflow_big_doors, temple_doors_cd,
          portal_sewer_entry_b, uniq_ijyb

Skill      XL: |  1  2  3  4  5  6  7 |
---------------+----------------------+-----
Spellcasting   | 2 3 |  3.8
Dodging        | 3 4 |  4.2
Fighting       | 2 3 |  3.2
Unarmed Combat | 4 |  4.4

Action                   |  1- 3 |  4- 6 |  7- 9 || total
-------------------------+-------+-------+-------++-------
Melee: Unarmed           |   124 |   130 |    23 ||   277
       Headbutt          |    19 |    19 |       ||    38
       Punch             |     1 |     2 |       ||     3
 Cast: Beastly Appendage |    24 |    17 |       ||    41
       Spider Form       |       |     8 |     3 ||    11
       Wereblood         |       |     3 |     1 ||     4
  Use: Scroll            |       |       |     3 ||     3
 Stab: Sleeping          |     2 |       |       ||     2
Armor: Robe              |    28 |     5 |     2 ||    35
       Skin              |       |       |     5 ||     5
Dodge: Dodged            |    92 |    79 |    51 ||   222

Table legend: (Time is in decaauts)
 A = Elapsed time spent in this place.
 B = Non-inter-level travel time spent in this place.
 C = Inter-level travel time spent in this place.
 D = Time resting spent in this place.
 E = Time spent auto-exploring this place.
 F = Levels seen in this place.
 G = Mean time per level.
                   A        B        C        D        E       F      G
               +--------+--------+--------+--------+--------+-----+--------+
         Total |   5449 |   5334 |    115 |    209 |   4331 |   5 | 1089.8 |
       Dungeon |   5449 |   5334 |    115 |    209 |   4331 |   5 | 1089.8 |
               +--------+--------+--------+--------+--------+-----+--------+

Top non-repeatable levels by time:
     D:3: 1924 daAuts
     D:4: 1461 daAuts
     D:1: 1296 daAuts
     D:2: 598 daAuts
     D:5: 168 daAuts
